 Dungeon Crawl Stone Soup version 0.24.1 (webtiles) character file.

Game seed: 9880897966492974072, levelgen mode: deterministic

100 Destapler the Poker (level 4, -1/35 HPs)
             Began as a Merfolk Monk on Mar 24, 2020.
             Killed by divine providence
             ... invoked by an orc priest
              (14 damage)
             ... on level 3 of the Dungeon.
             The game lasted 00:07:18 (1591 turns).

Destapler the Poker (Merfolk Monk)                  Turns: 1591, Time: 00:07:19

Health: -1/35      AC:  4    Str: 11    XL:     4   Next: 74%
Magic:  4/4        EV: 14    Int: 12    God:
Gold:   143        SH:  0    Dex: 19    Spells: 3/3 levels left

rFire    . . .     SeeInvis .   a - +0 spear
rCold    . . .     Gourm    .   (no shield)
rNeg     . . .     Faith    .   k - +0 leather armour
rPois    .         Spirit   .   (no helmet)
rElec    .         Reflect  .   e - +0 cloak (curse)
rCorr    .         Harm     .   (no gloves)
MR       +....                  (no boots)
Stlth    +++.......             (no amulet)
HPRegen  0.11/turn              g - ring of protection from magic
MPRegen  0.09/turn              h - +3 ring of intelligence

@: no status effects
A: change form in water, swift swim, stealthy swim, thin skeletal structure 1
a: no special abilities


You were on level 3 of the Dungeon.
You were not hungry.

You visited 1 branch of the dungeon, and saw 3 of its levels.

You collected 143 gold pieces.

Inventory:

Hand Weapons
 a - a +0 spear (weapon)
Missiles
 d - 24 stones (quivered)
Armour
 b - a +0 robe
 e - a cursed +0 cloak (worn)
 k - a +0 leather armour (worn)
Jewellery
 g - a ring of protection from magic (left hand)
 h - a +3 ring of intelligence (right hand)
Scrolls
 i - 2 scrolls of fear {unknown}
 j - 5 scrolls of identify {unknown}
 m - a scroll of immolation {unknown}
 n - a scroll of enchant armour {unknown}
 o - a scroll of noise {unknown}
 r - a scroll of magic mapping {unknown}
 s - a scroll of teleportation {unknown}
 u - a scroll of remove curse {unknown}
Potions
 l - a potion of invisibility {unknown}
 p - a potion of mutation
 q - a potion of flight {unknown}
 t - a potion of curing {unknown}
Comestibles
 c - 6 rations
 f - 2 chunks of flesh


   Skills:
 - Level 3.2 Fighting
 + Level 7.7 Polearms
 - Level 4.0 Dodging
 - Level 2.1 Stealth


You had 3 spell levels left.
You didn't know any spells.
Your spell library was empty.

Dungeon Overview and Level Annotations

Branches:
Dungeon (3/15)

Altars:
Wu Jian


Innate Abilities, Weirdness & Mutations

You revert to your normal form in water.
You are very nimble and swift while swimming.
You are very stealthy in the water. (Stealth+)
You have a somewhat thin skeletal structure. (Dex +2, Stealth)


Message History

The orc priest hits you with a +0 war axe!
The orc completely misses you. The frilled lizard barely misses you.
You closely miss the orc priest.
The orc priest is moderately wounded.
The orc priest calls down the wrath of Beogh upon you.
Beogh smites you! The orc priest completely misses you.
You are too injured to fight recklessly!
You are too injured to fight recklessly!
You are too injured to fight recklessly!
The orc barely misses you.
The orc priest looks encouraged for a moment.
The frilled lizard barely misses you.
A kobold comes into view. It is wielding a +0 club.
The orc priest looks encouraged for a moment.
The orc priest miscasts a cantrip.
There is a stone staircase leading up here.
The orc hits you with a +2 hand axe of electrocution!
The orc priest calls down the wrath of Beogh upon you.
Beogh smites you!
You die...

#... #K ... .# ##
##...#K ..# . #..
..###..#..
#####.###........%
#.......wK........
#..........).#
#...l..o.###......
#..@oo..## .....
#.......###.# #..#
#...........# ..
..<........##### #
..##.......# #.
...####### # ..##
.##


You could see 2 orc priests, a dart slug, an orc, a kobold and a frilled lizard.

Vanquished Creatures
  3 gnolls (D:2)
  An adder (D:2)
  An adder zombie (D:1)
  3 dart slugs
  2 leopard geckos
  An orc (D:3)
  A bat zombie (D:1)
  4 giant cockroaches
  5 hobgoblins
  8 bats
  6 frilled lizards
  5 goblins
  5 kobolds
  10 rats
55 creatures vanquished.

Notes
Turn   | Place    | Note
-------+----------+-------------------------------------------
     0 | D:1      | Destapler the Merfolk Monk began the quest for the Orb.
     0 | D:1      | Reached XP level 1. HP: 18/18 MP: 1/1
    72 | D:1      | Reached skill level 5 in Polearms
    95 | D:1      | Reached XP level 2. HP: 18/24 MP: 2/2
   162 | D:1      | Found an ornate altar of the Wu Jian Council.
   257 | D:1      | Reached skill level 6 in Polearms
   257 | D:1      | Reached XP level 3. HP: 28/29 MP: 3/3
   733 | D:2      | Reached XP level 4. HP: 26/35 MP: 4/4
   746 | D:2      | Reached skill level 7 in Polearms
   828 | D:2      | Gained mutation: You are dopey. (Int -2) [potion of
                  | mutation]
   828 | D:2      | Lost mutation: You are dopey. (Int -2) [potion of mutation]
   828 | D:2      | Gained mutation: You have a somewhat thin skeletal
                  | structure. (Dex +2, Stealth) [potion of mutation]
  1591 | D:3      | Killed from afar by an orc priest

Levels and vault maps discovered:
D:1:      saegor_arrival_fortress, layout_rooms, minmay_hexomino_r4
D:2:      layout_basic
D:3:      layout_rooms, yredelemnul_altar_generic,
          gammafunk_temple_overflow_forgotten, first_ration, uniq_ijyb

Skill      XL: |  1  2  3  4 |
---------------+-------------+-----
Polearms       | 5 6 7 |  7.7
Fighting       | |  3.2
Dodging        | |  4.0
Stealth        | |  2.1

Action                   |  1- 3 |  4- 6 || total
-------------------------+-------+-------++-------
Melee: Spear             |   134 |    71 ||   205
       Tailslap          |     3 |       ||     3
  Use: Potion            |       |     1 ||     1
 Stab: Sleeping          |     2 |     4 ||     6
  Eat: Chunk             |       |     2 ||     2
Armor: Robe              |     3 |       ||     3
       Leather armour    |    14 |     3 ||    17
Dodge: Dodged            |    77 |    45 ||   122
